 Dungeon Crawl Stone Soup version 0.29.1-15-g9cfb28693d (webtiles) character file.

Game seed: 1647578152790381713

935193 Kattur the Gargoyle Barricade (level 27, -2/199 HPs)
             Began as a Gargoyle Fighter on Apr 3, 2023.
             Was the Champion of the Shining One.
             Killed by divine providence
             ... invoked by a royal mummy
              (16 damage)
             ... on level 22 of a ziggurat on Apr 5, 2023.
             The game lasted 08:40:44 (73769 turns).

Kattur the Gargoyle Barricade (Gargoyle Fighter)   Turns: 73769, Time: 08:40:45

Health: -2/199     AC: 59    Str: 34    XL:     27
Magic:  12/39      EV: 26    Int: 18    God:    the Shining One [******]
Gold:   5771       SH: 40    Dex: 22    Spells: 26/26 levels left

rFire   . . .      SeeInvis .   a - +9 sacred scourge (holy)
rCold   + + +      Faith    .   v - +8 tower shield {AC+3}
rNeg    + + +      Spirit   .   u - +2 ice dragon scales of Optimism {rF- rC++ rN+ Regen+ Dex+7}
rPois   ∞          Reflect  +   R - +2 hat of Pugez {rC+}
rElec   +          Harm     .   l - scarf {rC+ rF+}
rCorr   +          Rampage  .   Z - +0 pair of gloves of Temyhy {rF- Will+++ Regen+ Int+4}
Will    ++++.      Rage     3%  e - +4 pair of boots "Tooguq" {Str+2}
Stlth   ..........              t - amulet "Ustifun" {Reflect rPois Regen+ Int+3 Slay+2 SH+5}
HPRegen 2.83/turn               Q - ring "Buytt" {rPois Will- rCorr Dex+6}
MPRegen 0.26/turn               c - ring "Iwnog" {rF+ AC+4}

@: flying, slowed, glowing, studying Fighting, very slow
A: sickness immunity, AC +20, big wings, negative energy resistance 1,
electricity resistance, torment resistance 1, petrification resistance,
iridescent scales 1, berserk 1, cold resistance 1, passive freeze, MP-powered
wands
}: 9/15 runes: decaying, serpentine, silver, abyssal, demonic, glowing, magical,
fiery, dark
a: Renounce Religion, Divine Shield, Cleansing Flame, Summon Divine Warrior


You were on level 22 of a ziggurat.
You worshipped the Shining One.
The Shining One was exalted by your worship.
You visited 12 branches of the dungeon, and saw 48 of its levels.
You visited Pandemonium 1 time, and saw 16 of its levels.
You visited the Abyss 2 times.
You visited 1 ziggurat, and saw 22 of its levels.
You also visited: Trove, Gauntlet and Ice Cave.

You collected 13392 gold pieces.
You spent 7621 gold pieces at shops.

Inventory:

Hand Weapons
 a - a +9 sacred scourge of holy wrath (weapon)
 i - the +11 sling "Lesie" {venom, Contam Will++}
   (You found it on level 5 of the Vaults)

   Any ammunition fired from it poisons the flesh of those it strikes.
   Contam:    It causes magical contamination when unequipped.
   Will:      It greatly increases your willpower.
 n - the +9 heavy crossbow "Sniper" {vorpal, Acc+∞ SInv}
   (You found it on level 5 of a ziggurat)

   Any ammunition fired from it inflicts extra damage upon your enemies.
   Any ammunition fired from it never misses its target.
   SInv:      It lets you see invisible.
 z - the +6 sword of Cerebov {flame}
   (You took it off Cerebov in Pandemonium)

   It burns those it strikes, dealing additional fire damage.
   Big, fiery blades are also staple armaments of hydra-hunters.
   It temporarily reduces the fire resistance of those it strikes.
   The Shining One disapproves of the use of such an item.
Missiles
 k - 14 boomerangs
 r - 4 silver javelins
 D - 12 javelins (quivered)
 G - 3 silver boomerangs
 T - 18 curare-tipped darts
Armour
 e - the +4 pair of boots "Tooguq" (worn) {Str+2}
   (You found it on level 16 of a ziggurat)

   Str:       It affects your strength (+2).
 l - a scarf of resistance (worn)
 m - the +0 cloak of Jaero {rCorr Dex+2}
   (You found it on level 14 of a ziggurat)

   Dex:       It affects your dexterity (+2).
   rCorr:     It protects you from acid and corrosion.
 u - the +2 ice dragon scales of Optimism (worn) {rF- rC++ rN+ Regen+ Dex+7}
   (You found it in an ice cave)

   Dex:       It affects your dexterity (+7).
   rF:        It makes you vulnerable to fire.
   rC:        It greatly protects you from cold.
   rN:        It protects you from negative energy.
   Regen:     It increases your rate of health regeneration.
 v - a +8 tower shield of protection (worn)
 R - the +2 hat of Pugez (worn) {rC+}
   (You found it on level 3 of the Vaults)

   rC:        It protects you from cold.
 Z - the +0 pair of gloves of Temyhy (worn) {rF- Will+++ Regen+ Int+4}
   (You found it on level 13 of a ziggurat)

   Int:       It affects your intelligence (+4).
   rF:        It makes you vulnerable to fire.
   Regen:     It increases your rate of health regeneration.
   Will:      It greatly increases your willpower.
Jewellery
 c - the ring "Iwnog" (right hand) {rF+ AC+4}
   (You found it in Pandemonium)

   [ring of protection]

   AC:        It affects your AC (+4).
   rF:        It protects you from fire.
 g - the ring "Ruhoqez" {rC+ Will+}
   (You found it on level 13 of a ziggurat)

   [ring of protection from cold]

   rC:        It protects you from cold.
   Will:      It increases your willpower.
 s - the ring "Akeyc" {Fly rC+ Str+6}
   (You found it on level 3 of the Elven Halls)

   [ring of flight]

   Str:       It affects your strength (+6).
   rC:        It protects you from cold.
   Fly:       It grants you flight.
 t - the amulet "Ustifun" (around neck) {Reflect rPois Regen+ Int+3 Slay+2 SH+5}
   (You found it on level 3 of the Elven Halls)

   [amulet of reflection]

   It reflects blocked missile attacks.
   Int:       It affects your intelligence (+3).
   Slay:      It affects your accuracy & damage with ranged weapons and melee
   (+2).
   rPois:     It protects you from poison.
   Regen:     It increases your rate of health regeneration.
   SH:        It affects your SH (+5).
 x - the amulet "Wodadal" {rF++ Regen+ rCorr Int-3 SInv}
   (You found it on level 18 of a ziggurat)

   [amulet of regeneration]

   Int:       It affects your intelligence (-3).
   rF:        It greatly protects you from fire.
   SInv:      It lets you see invisible.
   Regen:     It increases your rate of health regeneration.
   rCorr:     It protects you from acid and corrosion.
 Q - the ring "Buytt" (left hand) {rPois Will- rCorr Dex+6}
   (You found it on level 12 of the Dungeon)

   [ring of dexterity]

   Dex:       It affects your dexterity (+6).
   rPois:     It protects you from poison.
   rCorr:     It protects you from acid and corrosion.
   Will:      It decreases your willpower.
 X - a ring of protection from fire
Wands
 b - a wand of light (17)
 o - a wand of digging (51)
 W - a wand of mindburst (17)
Scrolls
 h - 5 scrolls of butterflies
 j - 10 scrolls of silence
 w - 10 scrolls of blinking
 y - 14 scrolls of poison
 A - 3 scrolls of summoning
 C - 28 scrolls of teleportation
 H - 17 scrolls of enchant weapon
 L - 4 scrolls of brand weapon
 O - 14 scrolls of fear
 P - 10 scrolls of magic mapping
 Y - 9 scrolls of enchant armour
Potions
 d - 8 potions of might
 f - 6 potions of haste
 q - 8 potions of ambrosia
 B - 8 potions of attraction
 F - 4 potions of mutation
 J - 2 potions of resistance
 K - 22 potions of heal wounds
 M - 19 potions of curing
 N - 9 potions of magic
 S - 2 potions of cancellation
Miscellaneous
 E - a tin of tremorstones (2/2)
 U - a box of beasts
 V - a phantom mirror


   Skills:
 O Level 27 Fighting
 + Level 21.2 Maces & Flails
 + Level 3.3 Ranged Weapons
 * Level 18.3 Throwing
 * Level 22.1 Armour
 * Level 20.4 Dodging
 O Level 27 Shields
 * Level 24.6 Invocations
 * Level 17.5 Evocations


You had 26 spell levels left.
You didn't know any spells.
Your spell library contained the following spells:

 Spells                   Type           Power      Damage    Failure   Level
 Apportation              Tloc           0%         N/A       32%         1
 Beastly Appendage        Tmut           0%         N/A       32%         1
 Foxfire                  Conj/Fire      0%         2x1d4     32%         1
 Necrotise                Necr           0%         1d4       32%         1
 Sandblast                Erth           0%         2d4       32%         1
 Slow                     Hex            0%         N/A       32%         1
 Sting                    Tmut/Pois      0%         1d3       32%         1
 Summon Small Mammal      Summ           0%         N/A       32%         1
 Blink                    Tloc           0%         N/A       45%         2
 Call Imp                 Summ           0%         N/A       45%         2
 Ensorcelled Hibernation  Hex/Ice        0%         N/A       45%         2
 Passwall                 Tmut/Erth      0%         N/A       45%         2
 Poisonous Vapours        Pois/Air       0%         N/A       45%         2
 Scorch                   Fire           0%         2d5       45%         2
 Static Discharge         Conj/Air       0%         3-3/arc   45%         2
 Wereblood                Tmut           0%         N/A       45%         2
 Call Canine Familiar     Summ           0%         N/A       69%         3
 Confusing Touch          Hex            0%         N/A       69%         3
 Conjure Flame            Conj/Fire      0%         6-21      69%         3
 Dazzling Flash           Conj/Hex       0%         N/A       69%         3
 Frozen Ramparts          Ice            0%         1d1       69%         3
 Gell's Gravitas          Tloc           0%         N/A       69%         3
 Ignite Poison            Fire/Tmut/Pois 0%         N/A       69%         3
 Inner Flame              Hex/Fire       0%         N/A       69%         3
 Lesser Beckoning         Tloc           0%         N/A       69%         3
 Mephitic Cloud           Conj/Pois/Air  0%         N/A       69%         3
 Ozocubu's Armour         Ice            0%         N/A       69%         3
 Portal Projectile        Hex/Tloc       0%         N/A       69%         3
 Spider Form              Tmut/Pois      0%         N/A       69%         3
 Stone Arrow              Conj/Erth      0%         3d7       69%         3
 Summon Guardian Golem    Hex/Summ       0%         N/A       69%         3
 Swiftness                Air            0%         N/A       69%         3
 Teleport Other           Tloc           0%         N/A       69%         3
 Tukima's Dance           Hex            0%         N/A       69%         3
 Vampiric Draining        Necr           0%         2d6       69%         3
 Airstrike                Air            0%         2d(0-16)  97%         4
 Anguish                  Hex/Necr       0%         N/A       97%         4
 Animate Armour           Summ/Erth      0%         N/A       97%         4
 Animate Dead             Necr           0%         N/A       97%         4
 Corpse Rot               Necr/Pois/Air  0%         N/A       97%         4
 Dispel Undead            Necr           0%         3d6       97%         4
 Flame Wave               Conj/Fire      0%         2d4       97%         4
 Fulminant Prism          Conj/Hex       0%         3d6       97%         4
 Ice Form                 Ice/Tmut       0%         N/A       97%         4
 Iskenderun's Mystic Bla  Conj/Tloc      0%         2d3       97%         4
 Leda's Liquefaction      Hex/Erth       0%         N/A       97%         4
 Olgreb's Toxic Radiance  Pois           0%         N/A       97%         4
 Petrify                  Tmut/Erth      0%         N/A       97%         4
 Sticky Flame             Conj/Fire      0%         2d3       97%         4
 Summon Ice Beast         Ice/Summ       0%         N/A       97%         4
 Summon Lightning Spire   Summ/Air       0%         N/A       97%         4
 Agony                    Necr           0%         N/A       100%        5
 Alistair's Intoxication  Tmut/Pois      0%         N/A       100%        5
 Blade Hands              Tmut           0%         N/A       100%        5
 Borgnjor's Vile Clutch   Necr/Erth      0%         N/A       100%        5
 Fireball                 Conj/Fire      0%         3d3       100%        5
 Freezing Cloud           Conj/Ice/Air   0%         6-21      100%        5
 Irradiate                Conj/Tmut      0%         3d11      100%        5
 Iskenderun's Battlesphe  Conj           0%         2d6       100%        5
 Lee's Rapid Deconstruct  Erth           0%         3d5*      100%        5
 Lightning Bolt           Conj/Air       0%         1d11      100%        5
 Manifold Assault         Tloc           0%         N/A       100%        5
 Metabolic Englaciation   Hex/Ice        0%         N/A       100%        5
 Silence                  Hex/Air        0%         N/A       100%        5
 Summon Forest            Summ/Tloc      0%         N/A       100%        5
 Summon Mana Viper        Hex/Summ       0%         N/A       100%        5
 Yara's Violent Unravell  Hex/Tmut       0%         3d3       100%        5
 Conjure Ball Lightning   Conj/Air       0%         3x3d6     100%        6
 Death Channel            Necr           0%         N/A       100%        6
 Dispersal                Tloc           0%         N/A       100%        6
 Eringya's Noxious Bog    Tmut/Pois      0%         N/A       100%        6
 Iron Shot                Conj/Erth      0%         9d1       100%        6
 Simulacrum               Ice/Necr       0%         N/A       100%        6
 Starburst                Conj/Fire      0%         6d3       100%        6
 Summon Cactus Giant      Summ           0%         N/A       100%        6
 Dragon Form              Tmut           0%         N/A       100%        7
 Enfeeble                 Hex            0%         N/A       100%        7
 Monstrous Menagerie      Summ           0%         N/A       100%        7
 Orb of Destruction       Conj           0%         9d5       100%        7
 Ozocubu's Refrigeration  Ice            0%         4d7       100%        7
 Spellforged Servitor     Conj/Summ      0%         N/A       100%        7
 Storm Form               Tmut/Air       0%         N/A       100%        7
 Summon Hydra             Summ           0%         N/A       100%        7
 Borgnjor's Revivificati  Necr           0%         N/A       100%        8
 Discord                  Hex            0%         N/A       100%        8
 Disjunction              Tloc           0%         N/A       100%        8
 Ignition                 Fire           0%         3d3       100%        8
 Lehudib's Crystal Spear  Conj/Erth      0%         10d2      100%        8
 Maxwell's Capacitive Co  Air            0%         ∞         100%        8
 Necromutation            Tmut/Necr      0%         N/A       100%        8
 Chain Lightning          Conj/Air       0%         N/A       100%        9
 Death's Door             Necr           0%         N/A       100%        9
 Fire Storm               Conj/Fire      0%         5d1       100%        9
 Polar Vortex             Ice            0%         N/A       100%        9
 Shatter                  Erth           0%         3d5*      100%        9
 Sublimation of Blood     Necr           Unusable   N/A       N/A         2
 Statue Form              Tmut/Erth      Unusable   N/A       N/A         6

Dungeon Overview and Level Annotations

Branches:
Dungeon (15/15)            Temple (1/1) D:7            Lair (5/5) D:10
  Swamp (4/4) Lair:2        Snake (4/4) Lair:3        Slime (0/5) Lair:5
    Orc (2/2) D:10            Elf (3/3) Orc:2        Vaults (5/5) D:14
  Crypt (3/3) Vaults:3       Tomb (1/3) Crypt:3      Depths (4/4) D:15
    Zot (1/5) Depths:4      IceCv (visited)         Gauntlet (visited)

Altars:
Ashenzari
Cheibriados
Dithmenos
Elyvilon
Fedhas
Gozag
Hepliaklqana
Kikubaaqudgha
Makhleb
Nemelex Xobeh
Okawaru
Qazlal
Ru
Sif Muna
Trog
Uskayaw
Vehumet
Wu Jian
Xom
Yredelemnul
Zin
The Shining One
Jiyva

Shops:
D:8 :   D:11 [   D:14 *   Orc:2 [[[(*   Elf:1 [?((*   Elf:3 (   Snake:1 :([*
Snake:2 *   Snake:4 ?*=   Vaults:3 [   Vaults:4 [

Portals:
Hell: Depths:1 Depths:2 Depths:3 Depths:4
Abyss: Vaults:3 Depths:1 Depths:3
Pandemonium: Depths:2 Depths:4

Annotations:
D:8 mans
D:14 Shield rC+
D:15 +6 dem tr
Depths:4 Eos,+9 gold


Innate Abilities, Weirdness & Mutations

You are immune to sickness and miasma.
Your stone body is resilient. (AC +20)
You are immune to poison.
Your large and strong wings let you fly.
You resist negative energy. (rN+)
You are resistant to electric shocks. (rElec)
You are resistant to unholy torment.
You are immune to petrification.
You are partially covered in iridescent scales. (AC +2)
You sometimes lose your temper in combat.
Your flesh is cold resistant. (rC+)
A frigid envelope surrounds you and freezes all who hurt you.
You expend magic power (3 MP) to strengthen your wands.


Message History

Okay, then.
Really release a tremorstone near your ally the angel?
This attack would place you under penance!
Okay, then.
You thrash the royal mummy!!
The royal mummy convulses!!
The royal mummy is almost destroyed.
Your angel gestures.
Your angel is healed somewhat.
The royal mummy mumbles some strange words. x2
Send 'em back where they came from!
The Shining One protects your fellow warrior from evil magic!
The royal mummy casts a spell.
A royal mummy comes into view.
The royal mummy calls on the powers of darkness!
The emperor scorpion convulses! x3
Your angel convulses!
Your body is wracked with pain!
* * * LOW HITPOINT WARNING * * *
The emperor scorpion convulses! x3
You hit the royal mummy but do no damage.
The royal mummy is almost destroyed.
Your angel hits the emperor scorpion with a +3 whip of holy wrath!!
The emperor scorpion dies!
The emperor scorpion's corpse disappears in a puff of smoke!
A guardian mummy comes into view.
The royal mummy mumbles some strange words.
Send 'em back where they came from!
The Shining One protects your fellow warrior from evil magic!
The royal mummy calls on the powers of darkness!
Your body is wracked with pain!
* * * LOW HITPOINT WARNING * * *
The emperor scorpion convulses! x2
Your angel convulses!
The emperor scorpion convulses! x3
The mummy priest utters an invocation to its god.
The royal mummy gestures at you while chanting.
Something smites you!
* * * LOW HITPOINT WARNING * * *
The royal mummy points at you and mumbles some strange words.
Something smites you!
You die...

........▓▓
.........▓▓
......M...▓▓
......MMs..▓▓
....MMM.M.W.▓▓
....M.MZzM.s.▓▓
....M..ZMzZWA.▓▓
.....MZ9z4M@s∩.▓
.......M4MMWs.▓▓
....M..ZM.Bzs▓▓
....M..M....▓▓
.....M.....▓▓
..........▓▓
.........▓▓
........▓▓


You could see 5 royal mummies, 5 emperor scorpions, 4 mummy priests, a shadow
wraith (summoned, invisible), 6 guardian mummies, an ushabti, an ice devil
(summoned), a rust devil (summoned), a freezing wraith (summoned), a wraith
(summoned), a death scarab (summoned), 2 flying skulls, 7 mummies, 2 wights, a
golden dragon simulacrum (summoned), a storm dragon zombie, a spriggan defender
zombie, a juggernaut zombie, a juggernaut skeleton and a friendly angel
(summoned).

Vanquished Creatures
  Cerebov (Pan)
  Gloorx Vloq (Pan)
  Mnoleg (Pan)
  Lom Lobon (Pan)
  7 ancient liches
  2 dread liches
  An orb of fire (Zot:1)
  Mara (Vaults:4)
  3 juggernauts
  7 royal mummies
  Parghit (Depths:4)
  9 Killer Klowns
  Bai Suzhen (Swamp:4)
  Vashnia (Snake:4)
  16 pandemonium lords
  6 caustic shrikes
  3 profane servitors
  8 bone dragons
  4 golden dragons
  7 Brimstone Fiends
  2 iron giants (Zig:9)
  6 doom hounds (Zig:18)
  9 Tzitzimimeh
  An electric golem (Zig:7)
  The ghost of Muvus the Executioner, an adept DsFi of Uskayaw (Vaults:3)
  4 Ice Fiends (Pan)
  Jorgrun (Swamp:2)
  3 hellephants
  Mlioglotl (Snake:4)
  A shard shrike skeleton (Crypt:3)
  14 liches
  4 tentacled monstrosities
  7 Hell Sentinels
  Zenata (Elf:2)
  2 walking crystal tomes
  5 titans
  4 deep elf master archers
  An acid blob (shapeshifter) (Zig:15)
  4 deep elf blademasters
  7 tainted leviathans (Zig:18)
  20 acid blobs
  2 death cobs (Zot:1)
  27 Executioners
  An eldritch tentacle (Pan)
  A sphinx (shapeshifter) (Zig:15)
  Frances (Swamp:2)
  2 tentacled starspawn
  16 ancient champions
  The ghost of SharpKris the Blocker, an adept GnFi of Ashenzari (Swamp:3)
  4 thorn hunters
  12 sphinxes
  Kirke (Snake:1)
  7 azure jellies
  A draconian monk (Depths:4)
  7 storm dragons
  6 shadow dragons
  10 fire giants
  5 tengu reavers
  Donald (Snake:4)
  2 azure jellies (shapeshifter)
  2 daevas (Zig:4)
  7 rockslimes
  2 draconian knights (Depths:4)
  8 revenants
  2 nagarajas
  22 demonspawn warmongers
  2 quicksilver elementals (Zig:9)
  3 iron dragons
  3 deep elf sorcerers
  2 draconian scorchers (Zot:1)
  Aizul (Elf:3)
  2 frost giants
  23 vault wardens
  The ghost of Icun the Thaumaturge, a journeyman GnWr of Okawaru (Snake:3)
  9 curse skulls
  7 deep elf elementalists (Elf:3)
  33 balrugs
  23 cacodemons
  12 ghouls
  An emperor scorpion (Zig:8)
  13 ghost moths
  17 ironbound preservers
  2 angels
  A draconian stormcaller (Zig:1)
  Louise (D:15)
  9 quicksilver oozes
  12 ironbound thunderhulks
  20 reapers
  2 ophanim (Abyss:3)
  38 very ugly things
  A stone giant (shapeshifter) (Zig:15)
  14 demonspawn blood saints
  A war gargoyle (Vaults:5)
  21 demonspawn corrupters
  12 stone giants
  A spriggan defender (Depths:3)
  3 draconian annihilators
  A green draconian (Zot:1)
  5 vampire knights
  3 black draconians
  9 deep elf annihilators
  15 demonspawn black suns
  An eleionoma (shapeshifter) (Zig:15)
  5 eleionomae
  15 deep elf demonologists
  2 bennus (Zig:22)
  3 spark wasps
  5 bunyips
  A minotaur (Gauntlet)
  A white draconian (Depths:4)
  An entropy weaver (shapeshifter) (Zig:16)
  27 lorocyprocas
  An entropy weaver (Vaults:1)
  A yellow draconian (Depths:4)
  4 dire elephants
  8 putrid mouths (Zig:18)
  2 dire elephants (shapeshifter)
  5 purple draconians
  A bunyip (shapeshifter) (Vaults:5)
  9 fire dragons
  The ghost of Eitelfritz the Severer, a journeyman HOFi of Zin (D:12)
  14 ettins
  4 shambling mangroves
  An ettin (shapeshifter) (Zig:16)
  14 eidola
  10 green deaths (Pan)
  2 iron golems (Zig:9)
  15 blizzard demons
  20 deep elf death magi
  A merfolk impaler (Zig:6)
  13 mummy priests
  A great orb of eyes (shapeshifter) (Depths:2)
  5 deep elf high priests
  4 rakshasas
  16 great orbs of eyes
  A spriggan zombie (Crypt:2)
  13 jiangshi
  Harold (Orc:1)
  Fannar (D:10)
  5 hell beasts
  4 ogre magi
  A quicksilver dragon skeleton (Crypt:1)
  3 boulder beetles
  37 vault guards
  4 spriggan air magi
  18 yaktaur captains
  8 ice dragons
  32 hydras
  A merfolk avatar (Zig:3)
  7 salamander tyrants
  22 centaur warriors
  5 catoblepae
  11 anacondas
  2 merfolk aquamancers (Zig:6)
  7 ghost crabs
  15 naga warriors
  A death knight (Crypt:2)
  3 hell hogs (Pan)
  5 ironbound frosthearts
  3 two-headed ogres
  6 alligators
  4 deep troll shamans
  29 dancing weapons
  5 tengu warriors
  6 shock serpents
  9 spriggan berserkers
  8 vampire magi
  29 death scarabs
  4 orc high priests
  4 death yaks
  14 deep troll earth magi
  A thrashing horror (Vaults:3)
  15 naga sharpshooters
  20 deep elf knights
  A shock serpent (shapeshifter) (Zig:16)
  An emperor scorpion zombie (Crypt:3)
  4 hell knights
  42 soul eaters
  A wretched star (Abyss:3)
  28 skeletal warriors
  7 iron trolls
  10 shadow wraiths
  83 sun demons
  6 salamander mystics
  A spatial maelstrom (Abyss:3)
  4 goliath frogs
  A goliath frog (shapeshifter) (Vaults:5)
  An iron giant zombie (Crypt:3)
  28 sixfirhies
  6 glowing orange brains
  2 cherubim (Abyss:3)
  9 flayed ghosts
  10 sea snakes
  2 storm dragon skeletons
  9 spriggan druids
  9 deep elf archers
  14 shadow demons
  55 deep trolls
  3 steelbarb worms (Zig:8)
  10 swamp dragons
  An obsidian statue (IceCv)
  16 ironbound convokers
  A spectral iron dragon (Zig:18)
  12 lindwurms
  14 bog bodies
  8 spriggan simulacra
  A steelbarb worm (shapeshifter) (Zig:15)
  A harpy (shapeshifter) (Vaults:5)
  16 wizards
  Pikel (D:4)
  10 necromancers
  An anaconda skeleton (Pan)
  A shadow dragon zombie (Crypt:3)
  14 phantasmal warriors
  10 mana vipers
  5 orc knights
  24 deep elf zephyrmancers
  19 harpies
  3 wolf spiders
  5 naga ritualists
  A broodmother zombie (Crypt:1)
  8 will-o-the-wisps
  6 shining eyes
  51 ugly things
  A stone giant zombie (Crypt:3)
  19 deep elf pyromancers
  8 manticores
  A faun (shapeshifter) (Vaults:5)
  2 orc sorcerers
  A frost giant zombie (Zig:5)
  A cyclops (shapeshifter) (Zig:15)
  A shadow dragon skeleton (Pan)
  A shining eye (shapeshifter) (Zig:16)
  A salamander (shapeshifter) (Elf:1)
  2 moths of wrath
  4 cyclopes
  24 naga magi
  24 salamanders
  16 vault sentinels
  2 fire giant skeletons
  2 guardian serpents (shapeshifter) (Elf:3)
  8 rust devils
  6 apocalypse crabs
  4 eyes of devastation
  49 smoke demons
  14 elephants
  40 black mambas
  5 guardian serpents
  13 cane toads
  3 torpor snails
  28 orange demons (Pan)
  4 gargoyles
  2 unseen horrors (D:12)
  2 dire elephant skeletons (Pan)
  2 centaur skeletons
  10 hellions
  3 rime drakes
  17 guardian mummies
  A kobold demonologist (D:10)
  8 ice devils
  3 freezing wraiths
  15 tormentors
  A catoblepas zombie (Crypt:3)
  21 demonic crawlers (Pan)
  8 efreet
  54 yaktaurs
  A bunyip simulacrum (Crypt:1)
  A tengu conjurer (Depths:3)
  33 hellwings (Pan)
  18 komodo dragons
  2 anaconda simulacra (D:14)
  A spectral naga (Snake:3)
  A golden dragon simulacrum (IceCv)
  7 trolls
  2 harpy zombies
  14 red devils
  5 polar bears
  2 tarantellas (Zig:8)
  39 large abominations
  10 tyrant leeches
  5 merfolk
  3 harpy skeletons
  11 hornets
  A merfolk (shapeshifter) (Vaults:1)
  A mana viper skeleton (Crypt:3)
  A wind drake (Zig:6)
  2 raiju (Zig:7)
  A tarantella zombie (Crypt:3)
  5 dream sheep (Lair:3)
  12 blink frogs
  42 slime creatures
  A dream sheep (shapeshifter) (Vaults:5)
  A snapping turtle (Zig:6)
  A jumping spider (Zig:8)
  16 flying skulls
  2 small abominations (Abyss:3)
  16 spriggans
  2 water elementals (Elf:3)
  2 ushabtiu
  A vampire (Abyss:3)
  52 ynoxinuls
  9 air elementals
  3 wyverns
  9 wraiths
  29 yaks
  3 dire elephant simulacra (IceCv)
  A merfolk skeleton (Pan)
  A human (shapeshifter) (Zig:16)
  2 steam dragons
  6 basilisks
  5 golden eyes
  5 fire elementals
  26 chaos spawn
  5 minotaur simulacra
  46 neqoxecs
  A black mamba skeleton (Crypt:1)
  13 vampire mosquitoes
  A naga zombie (Crypt:1)
  A spatial vortex (Abyss:3)
  5 wargs
  A fire bat zombie (Crypt:2)
  41 nagas
  A swamp worm (shapeshifter) (Depths:4)
  19 swamp worms
  A merfolk zombie (Crypt:3)
  3 acid dragons (D:11)
  4 harpy simulacra
  A hydra simulacrum (Crypt:1)
  3 floating eyes
  41 water moccasins
  A cane toad zombie (Crypt:2)
  2 hell hounds (Elf:1)
  A black bear (shapeshifter) (Elf:1)
  42 orc warriors
  4 swamp drakes (Swamp:4)
  4 black bears
  A hornet zombie (Crypt:1)
  3 elephant zombies
  3 alligator simulacra (IceCv)
  5 boggarts (Vaults:4)
  29 wolves
  2 ettin simulacra (IceCv)
  6 ogres
  26 centaurs
  A phantom (D:5)
  2 kobold brigands
  2 komodo dragon zombies (Lair:4)
  8 bullfrogs
  4 earth elementals
  A demonspawn simulacrum (Crypt:1)
  9 necrophages
  11 deep troll simulacra
  A scorpion (D:4)
  12 wights
  13 killer bees
  A shapeshifter skeleton (Crypt:1)
  2 lindwurm simulacra (IceCv)
  7 howler monkeys
  11 electric eels
  4 crimson imps (Pan)
  A basilisk zombie (Lair:4)
  5 quasits
  5 hounds
  A gnoll bouda (D:9)
  4 jellies
  A human zombie (Crypt:1)
  18 orc priests
  An iron imp (Pan)
  An iguana (D:5)
  31 orc wizards
  13 human skeletons
  A hell rat (Elf:1)
  An acid dragon zombie (Crypt:2)
  3 naga skeletons
  28 mummies
  18 adders
  9 gnolls
  3 shadow imps
  A white imp (D:6)
  7 ufetubi
  A jelly zombie (Crypt:2)
  2 dart slugs
  94 orcs
  A bat zombie (Crypt:2)
  4 endoplasms
  2 giant cockroaches (D:2)
  6 goblins
  5 hobgoblins
  3 jackals (D:5)
  2 quokkas
  5 ball pythons
  3 bats
  A frilled lizard (D:2)
  A frilled lizard skeleton (Crypt:2)
  A goblin skeleton (Crypt:1)
  19 kobolds
  5 rats
  8 ball lightnings (Pan)
  4 briar patches (Swamp:4)
  5 fire vortices (Pan)
  A starspawn tentacle (Pan)
3379 creatures vanquished.

Vanquished Creatures (collateral kills)
  A royal mummy (Tomb:1)
  A golden dragon (Depths:3)
  A Tzitzimitl (Pan)
  An Ice Fiend (Pan)
  A quicksilver dragon (shapeshifter) (Zig:16)
  A titan (Depths:3)
  An acid blob (Zig:17)
  A tengu reaver (Depths:1)
  A demonspawn warmonger (Pan)
  A fire giant (shapeshifter) (Zig:16)
  A balrug (Pan)
  A ghoul (Crypt:3)
  A quicksilver ooze (Zig:17)
  2 very ugly things
  A stone giant (Depths:1)
  An apis (Zig:4)
  A demonspawn black sun (Pan)
  A white draconian (Depths:4)
  2 lorocyprocas (Pan)
  A fire dragon (Depths:3)
  A green death (Pan)
  A deep elf death mage (Zig:21)
  3 mummy priests (Tomb:1)
  A great orb of eyes (Zig:17)
  An ice dragon (Depths:3)
  4 anacondas (Snake:4)
  A spriggan air mage (Depths:1)
  A death scarab (Tomb:1)
  A deep troll shaman (Depths:3)
  A deep troll earth mage (Depths:1)
  A vampire mage (Depths:1)
  A spriggan (Swamp:4)
  3 sun demons (Pan)
  2 iron trolls (Depths:3)
  3 hell knights (Depths:3)
  A spriggan druid (Swamp:4)
  2 deep trolls
  A golden dragon skeleton (Crypt:3)
  A phantasmal warrior (Crypt:3)
  A swamp dragon (Swamp:4)
  2 spriggan simulacra (IceCv)
  A necromancer (Crypt:3)
  A salamander (Snake:4)
  A guardian serpent (Snake:4)
  2 eyes of devastation (Zig:16)
  A smoke demon (Pan)
  A freezing wraith (IceCv)
  A red devil (Pan)
  An ice devil (IceCv)
  A guardian mummy (Zig:22)
  A culicivora zombie (Crypt:3)
  4 hornets
  A slime creature (Zig:17)
  A ynoxinul (Pan)
  3 minotaur simulacra (IceCv)
  6 chaos spawn (Pan)
  A swamp worm (Swamp:4)
  2 floating eyes (Zig:16)
  A swamp drake (Swamp:4)
  An alligator simulacrum (IceCv)
  A necrophage (Crypt:3)
  2 deep troll simulacra (IceCv)
  6 mummies
95 creatures vanquished.

Vanquished Creatures (others)
  A pandemonium lord (Pan)
  A Tzitzimitl (Zig:20)
  A Hell Sentinel (Zig:20)
  An eldritch tentacle (Zig:15)
  A demonspawn warmonger (Zig:20)
  A balrug (Pan)
  A cacodemon (Zig:20)
  A very ugly thing (Pan)
  A bunyip (Swamp:3)
  A blizzard demon (Pan)
  A rakshasa (Vaults:3)
  A hydra (Swamp:2)
  A sixfirhy (Pan)
  A goliath frog (Swamp:2)
  2 spriggan druids (Swamp:3)
  A naga ritualist (Snake:4)
  A deep troll (Depths:3)
  A shadow demon (Pan)
  A flayed ghost (Zig:13)
  2 wizards (Pan)
  2 deep elf pyromancers (Elf:2)
  2 large abominations
  A smoke demon (Pan)
  A tormentor (Zig:20)
  3 bloated husks
  A tyrant leech (Swamp:2)
  A hog (Snake:1)
  2 humans (Snake:1)
  3 golden eyes (Pan)
  A neqoxec (Pan)
  A chaos spawn (Pan)
  A naga (Snake:3)
  A warg (Vaults:5)
  A water moccasin (Zig:14)
  An orc warrior (Vaults:5)
  An orc (D:5)
  34 ball lightnings (Pan)
  A block of ice (Pan)
  2 briar patches (Swamp:3)
  A fire vortex (Depths:4)
  65 foxfires
  14 fungi
  A lurking horror (Vaults:3)
  81 plants
  6 starspawn tentacles
250 creatures vanquished.

Grand Total: 3724 creatures vanquished

Notes
Turn   | Place    | Note
-------+----------+-------------------------------------------
     0 | D:1      | Kattur the Gargoyle Fighter began the quest for the Orb.
     0 | D:1      | Reached XP level 1. HP: 14/14 MP: 1/1
   225 | D:1      | Reached XP level 2. HP: 18/19 MP: 2/2
   549 | D:1      | Found a faded altar of an unknown god.
   560 | D:1      | Prayed at the altar of an unknown god.
   560 | D:1      | Became a worshipper of Vehumet
   560 | D:1      | Reached * piety under Vehumet
   560 | D:1      | Offered knowledge of Sandblast by Vehumet.
   561 | D:1      | Fell from the grace of Vehumet
  1015 | D:2      | Reached XP level 3. HP: 18/23 MP: 3/3
  1033 | D:2      | Found a shimmering altar of Xom.
  1201 | D:2      | Identified the +1 ring mail of Somewhere Else {Regen+ Dex+4
                  | SInv}
  1339 | D:2      | Reached XP level 4. HP: 28/28 MP: 4/4
  1675 | D:3      | Identified the +0 leather armour of the First Snow {rElec
                  | rPois}
  2003 | D:3      | Identified the +11 whip of Xuskuufe {freeze, *Noise rElec
                  | Dex+6 SInv}
  2474 | D:4      | Reached XP level 5. HP: 32/32 MP: 5/5
  2669 | D:4      | Noticed an ogre
  2677 | D:4      | Killed an ogre
  2678 | D:4      | Reached skill level 1 in Dodging
  2678 | D:4      | Reached XP level 6. HP: 38/38 MP: 6/6
  2907 | D:4      | Reached skill level 5 in Maces & Flails
  2925 | D:4      | Noticed Pikel
  2939 | D:4      | Killed Pikel
  2940 | D:4      | Reached XP level 7. HP: 31/43 MP: 7/7
  3195 | D:4      | Reached XP level 8. HP: 48/48 MP: 8/8
  3234 | D:4      | Reached skill level 5 in Armour
  3314 | D:5      | Entered Level 5 of the Dungeon
  3444 | D:5      | Found a shimmering altar of Xom.
  3541 | D:5      | Found a white marble altar of Elyvilon.
  3566 | D:5      | Became a worshipper of Elyvilon the Healer
  3579 | D:5      | Identified the +10 sling of Departure {venom, Str+4 Int+3}
  4296 | D:6      | Reached XP level 9. HP: 52/52 MP: 9/9
  4425 | D:6      | Reached * piety under Elyvilon
  4655 | D:6      | Found an ornate altar of the Wu Jian Council.
  4891 | D:7      | Was forgiven by Vehumet
  4942 | D:7      | Reached skill level 10 in Maces & Flails
  5197 | D:7      | Reached skill level 5 in Fighting
  5215 | D:7      | Found a staircase to the Ecumenical Temple.
  5224 | Temple   | Entered the Ecumenical Temple
  5475 | D:7      | Gained mutation: You are frail. (-10% HP) [potion of
                  | mutation]
  5475 | D:7      | Gained mutation: Your flesh is heat resistant. (rF+)
                  | [potion of mutation]
  5606 | D:7      | Lost mutation: You are frail. (-10% HP) [potion of
                  | mutation]
  5606 | D:7      | Lost mutation: Your flesh is heat resistant. (rF+) [potion
                  | of mutation]
  5606 | D:7      | Gained mutation: Your magical capacity is low. (-10% MP)
                  | [potion of mutation]
  5606 | D:7      | Gained mutation: You sometimes lose your temper in combat.
                  | [potion of mutation]
  5607 | D:7      | Lost mutation: Your magical capacity is low. (-10% MP)
                  | [potion of mutation]
  5607 | D:7      | Lost mutation: You sometimes lose your temper in combat.
                  | [potion of mutation]
  5607 | D:7      | Gained mutation: You are partially covered in iridescent
                  | scales. (AC +2) [potion of mutation]
  5607 | D:7      | Gained mutation: You are mostly covered in iridescent
                  | scales. (AC +4) [potion of mutation]
  5860 | D:8      | Reached skill level 1 in Throwing
  5870 | D:8      | Reached skill level 1 in Ranged Weapons
  5875 | D:8      | Reached XP level 10. HP: 55/59 MP: 10/10
  6063 | D:8      | Reached ** piety under Elyvilon
  6094 | D:8      | Found Detasora's Vocational Training.
  6659 | D:9      | Found a transporter.
  6666 | D:9      | Found a transporter.
  6689 | D:9      | Found a transporter.
  6876 | D:9      | Reached skill level 5 in Shields
  6967 | D:9      | Reached *** piety under Elyvilon
  6994 | D:9      | Reached XP level 11. HP: 64/64 MP: 11/11
  7150 | D:9      | Found a transporter.
  7267 | D:9      | Found an iron altar of Okawaru.
  7509 | D:10     | Entered Level 10 of the Dungeon
  7619 | D:10     | Found an ancient bone altar of Kikubaaqudgha.
  7699 | D:10     | Found a burning altar of Makhleb.
  7755 | D:10     | Found a staircase to the Lair.
  7766 | D:10     | Noticed a two-headed ogre
  7768 | D:10     | Found a glowing golden altar of the Shining One.
  7786 | D:10     | Killed a two-headed ogre
  7821 | D:10     | Fell from the grace of Elyvilon
  7821 | D:10     | Became a worshipper of the Shining One
  7821 | D:10     | Reached * piety under the Shining One
  7900 | D:10     | Noticed Fannar
  7928 | D:10     | Killed Fannar
  8294 | D:10     | Reached skill level 1 in Invocations
  8399 | D:10     | Found a staircase to the Orcish Mines.
  8519 | D:10     | Found a stormy altar of Qazlal.
  8593 | Lair:1   | Entered Level 1 of the Lair of Beasts
  8618 | Lair:1   | Reached skill level 1 in Evocations
  8743 | Lair:1   | Found a hide-covered altar of Uskayaw.
  8838 | Lair:1   | Reached ** piety under the Shining One
  8940 | Lair:1   | Reached XP level 12. HP: 73/73 MP: 13/13
  8964 | Lair:1   | Reached skill level 5 in Dodging
  9178 | Lair:1   | Noticed a death yak
  9179 | Lair:1   | Noticed a death yak
  9179 | Lair:1   | Noticed a death yak
  9191 | Lair:1   | Killed a death yak
  9202 | Lair:1   | Killed a death yak
  9213 | Lair:1   | Killed a death yak
  9775 | Lair:2   | Noticed a four-headed hydra
  9784 | Lair:2   | Killed a four-headed hydra
  9807 | Lair:2   | Noticed a five-headed hydra
  9830 | Lair:2   | Killed a five-headed hydra
  9836 | Lair:2   | Found a staircase to the Swamp.
 10420 | Lair:3   | Reached skill level 5 in Throwing
 10439 | Lair:3   | Reached XP level 13. HP: 80/80 MP: 16/16
 10757 | Lair:3   | Found a staircase to the Snake Pit.
 10895 | Lair:3   | Reached *** piety under the Shining One
 11021 | Lair:3   | Identified the ring "Gouseogh" {Str+6 Dex+2}
 11695 | Lair:4   | Reached skill level 5 in Invocations
 11716 | Lair:4   | Reached skill level 10 in Fighting
 11753 | Lair:4   | Identified the ring "Fafer" {Fly MP+9}
 12170 | Lair:5   | Entered Level 5 of the Lair of Beasts
 12326 | Lair:5   | Reached **** piety under the Shining One
 12571 | Lair:5   | Found a staircase to the Slime Pits.
 12571 | Lair:5   | Found a viscous altar of Jiyva.
 12723 | Lair:5   | Gained mutation: Your large and strong wings let you fly.
                  | [Gargoyle growth]
 12723 | Lair:5   | Reached XP level 14. HP: 80/88 MP: 18/18
 12772 | Lair:5   | Reached skill level 10 in Shields
 12789 | Lair:5   | Identified the +0 chain mail of the Hall of Blades {rCorr
                  | SInv}
 13710 | D:11     | Identified the +0 ring mail "Ymise" {Str+2}
 13823 | D:11     | Found Taucko Irri's Antique Armour Emporium.
 13892 | D:11     | Identified a scroll of acquirement
 13892 | D:11     | Acquired the +0 kite shield "Pasiog" {Int+4}
 14612 | D:12     | Reached skill level 5 in Evocations
 14789 | D:12     | Found a transporter.
 14812 | D:12     | Found a transporter.
 14815 | D:12     | Noticed Eitelfritz's ghost (journeyman HOFi)
 14820 | D:12     | Gained mutation: You are frail. (-10% HP) [a neqoxec]
 14825 | D:12     | Gained mutation: You are very frail. (-20% HP) [a neqoxec]
 14836 | D:12     | Lost mutation: You are very frail. (-20% HP) [potion of
                  | mutation]
 14836 | D:12     | Lost mutation: You are mostly covered in iridescent scales.
                  | (AC +4) [potion of mutation]
 14836 | D:12     | Gained mutation: You are partially covered in large bone
                  | plates. (SH +4) [potion of mutation]
 14836 | D:12     | Gained mutation: Your spells are a little easier to cast,
                  | but a little less powerful. [potion of mutation]
 14836 | D:12     | Gained mutation: Your flesh is cold resistant. (rC+)
                  | [potion of mutation]
 14865 | D:12     | Killed Eitelfritz's ghost
 14870 | D:12     | Got the ring "Buytt" {rPois Will- rCorr Dex+6}
 14928 | D:12     | Reached skill level 10 in Armour
 15064 | D:12     | Reached ***** piety under the Shining One
 15903 | D:13     | Found a portal to a secret trove of treasure.
 16170 | D:13     | Lost mutation: You are frail. (-10% HP) [potion of
                  | mutation]
 16170 | D:13     | Lost mutation: Your spells are a little easier to cast, but
                  | a little less powerful. [potion of mutation]
 16170 | D:13     | Lost mutation: You are partially covered in large bone
                  | plates. (SH +4) [potion of mutation]
 16170 | D:13     | Gained mutation: You expend magic power (3 MP) to
                  | strengthen your wands. [potion of mutation]
 16170 | D:13     | Gained mutation: Your flesh is heat resistant. (rF+)
                  | [potion of mutation]
 16545 | D:14     | Found a gate to the Vaults.
 16596 | D:14     | Found Dneyda's Desiderata Depot.
 16616 | D:14     | Found a gate leading to a gauntlet.
 16624 | Gauntlet | Entered a Gauntlet
 16624 | Gauntlet | Found a transporter.
 16632 | Gauntlet | Found a transporter.
 16634 | Gauntlet | Found a transporter.
 16645 | Gauntlet | Found a transporter.
 16658 | Gauntlet | Found a transporter.
 16664 | Gauntlet | Found a transporter.
 16667 | Gauntlet | Noticed a dire elephant
 16683 | Gauntlet | Found a transporter.
 16698 | Gauntlet | Found a transporter.
 16706 | Gauntlet | Found a large runed translucent door.
 16707 | Gauntlet | Found a large runed translucent door.
 16708 | Gauntlet | Found a large runed translucent door.
 16708 | Gauntlet | Found a large runed translucent door.
 16709 | Gauntlet | Found a runed translucent gate.
 16710 | Gauntlet | Found a transporter.
 16710 | Gauntlet | Found a runed translucent gate.
 16711 | Gauntlet | Found a runed translucent gate.
 16712 | Gauntlet | Found a large runed translucent door.
 16712 | Gauntlet | Found a large runed translucent door.
 16713 | Gauntlet | Found a large runed translucent door.
 16714 | Gauntlet | Found a large runed translucent door.
 16722 | Gauntlet | Found a transporter.
 16734 | Gauntlet | Found a transporter.
 16746 | Gauntlet | Found a transporter.
 16763 | Gauntlet | Found a transporter.
 16780 | Gauntlet | Found a transporter.
 16782 | Gauntlet | Found a transporter.
 16809 | Gauntlet | Found a transporter.
 16833 | Gauntlet | Found a transporter.
 16835 | Gauntlet | Found a large runed translucent door.
 16836 | Gauntlet | Found a large runed translucent door.
 16838 | Gauntlet | Found a transporter.
 16841 | Gauntlet | Found a large runed translucent door.
 16841 | Gauntlet | Found a large runed translucent door.
 16841 | Gauntlet | Found a runed translucent door.
 16841 | Gauntlet | Found a runed translucent door.
 16862 | Gauntlet | Reached ****** piety under the Shining One
 16893 | Gauntlet | Paralysed by a great orb of eyes for 2 turns
 16928 | Gauntlet | Identified the amulet of Lyesuala {RegenMP MP+9}
 16945 | Gauntlet | Identified the +3 hand axe of Prudence {vorpal, Dex+2
                  | Stlth+}
 16981 | Gauntlet | Identified the +1 plate armour "Usyuli Unyck" {Rampage rF+
                  | Str-5}
 17034 | D:14     | Found a frozen archway.
 17068 | D:14     | Reached XP level 15. HP: 32/95 MP: 2/20
 17148 | IceCv    | Entered an ice cave
 17617 | IceCv    | Identified the +2 ice dragon scales of Optimism {rF- rC++
                  | rN+ Regen+ Dex+7}
 18710 | D:15     | Entered Level 15 of the Dungeon
 18710 | D:15     | Found a basalt altar of Yredelemnul.
 18843 | D:15     | Noticed Louise
 18866 | D:15     | Killed Louise
 19040 | D:15     | Found a shimmering blue altar of Sif Muna.
 19279 | D:15     | Found a staircase to the Depths.
 19760 | Orc:1    | Entered Level 1 of the Orcish Mines
 19886 | Orc:1    | Paralysed by an orc sorcerer for 3 turns
 19947 | Orc:1    | Noticed Harold
 19959 | Orc:1    | Killed Harold
 20466 | Orc:2    | Entered Level 2 of the Orcish Mines
 20622 | Orc:2    | Reached XP level 16. HP: 34/101 MP: 4/21
 20811 | Orc:2    | Found Xaeshrufu's Armour Emporium.
 20811 | Orc:2    | Found Xophit's Armour Boutique.
 20813 | Orc:2    | Found Xibrifon's Antique Armour Shop.
 20815 | Orc:2    | Found Xyurhicu's Antique Weapon Shoppe.
 20912 | Orc:2    | Found Upesoug's CLEARANCE SALE!.
 20919 | Orc:2    | Found a staircase to the Elven Halls.
 21183 | Orc:2    | Bought a +2 pair of boots of stealth for 258 gold pieces
 21304 | D:11     | Bought a glowing tower shield for 277 gold pieces
 21423 | Snake:1  | Entered Level 1 of the Snake Pit
 21821 | Snake:1  | Noticed Kirke
 21838 | Snake:1  | Killed Kirke
 22455 | Snake:1  | Found Uduicwaer's Weapon Shoppe.
 22458 | Snake:1  | Found Akedag's General Store.
 22458 | Snake:1  | Found Culiesso's Book Shoppe.
 22462 | Snake:1  | Found Gooc's Antique Armour Emporium.
 22485 | Snake:1  | Bought a manual of Armour for 1040 gold pieces
 23598 | Snake:2  | Noticed a nagaraja
 23618 | Snake:2  | HP: 3/103 [anaconda (10)]
 23770 | Snake:2  | Killed a nagaraja
 24011 | Snake:2  | Found Cobyshum's General Store.
 24072 | Snake:2  | Bought a potion of haste for 200 gold pieces
 24072 | Snake:2  | Bought a scroll of enchant armour for 150 gold pieces
 24355 | D:13     | You paid a toll of 8 potions of haste to enter a treasure
                  | trove
 24356 | Trove    | Entered a treasure trove
 24381 | Trove    | Identified the +1 pair of boots "Heosytod" {rC+ Int+2}
 24383 | Trove    | Identified the amulet of Desyrch {RegenMP Will- Int+4
                  | Dex+2}
 24389 | Trove    | Identified the amulet of Yxkimnub {RegenMP rPois Str+4}
 25457 | D:14     | Bought a manual of Dodging for 1200 gold pieces
 25797 | Snake:3  | Noticed Icun's ghost (journeyman GnWr)
 25819 | Snake:3  | Reached skill level 15 in Shields
 25820 | Snake:3  | Found a runed translucent gate.
 25821 | Snake:3  | Found a runed translucent gate.
 25821 | Snake:3  | Found a runed translucent gate.
 26021 | Snake:3  | Noticed a nagaraja
 26030 | Snake:3  | Killed Icun's ghost
 26038 | Snake:3  | Killed a nagaraja
 26039 | Snake:3  | Reached XP level 17. HP: 108/108 MP: 21/23
 26887 | Snake:4  | Entered Level 4 of the Snake Pit
 27422 | Snake:4  | Reached skill level 10 in Dodging
 27487 | Snake:4  | Noticed Donald
 27499 | Snake:4  | Noticed Mlioglotl
 27624 | Snake:4  | Noticed a tentacled starspawn
 27742 | Snake:4  | Killed Mlioglotl
 27746 | Abyss:2  | Cast into level 2 of the Abyss (Donald)
 27780 | Snake:4  | Escaped the Abyss
 27802 | Snake:4  | Killed Donald
 27862 | Snake:4  | Identified the +5 falchion "Guext" {speed, Str-3 Int+2
                  | Stlth+}
 27862 | Snake:4  | Noticed Vashnia
 27888 | Snake:4  | Found Lomul's Jewellery Boutique.
 27999 | Snake:4  | Killed Vashnia
 28053 | Snake:4  | Found Acovasem's Assorted Antiques.
 28061 | Snake:4  | Bought a bubbling emerald potion for 32 gold pieces
 28061 | Snake:4  | Found Liot's Magic Scroll Shop.
 28149 | Snake:4  | Reached XP level 18. HP: 90/115 MP: 19/25
 28776 | Snake:4  | Got a serpentine rune of Zot
 29026 | Swamp:1  | Entered Level 1 of the Swamp
 30008 | Swamp:2  | Noticed Frances
 30023 | Swamp:2  | Killed Frances
 30242 | Swamp:2  | Noticed Jorgrun
 30260 | Swamp:2  | Killed Jorgrun
 30593 | Swamp:3  | Found a transporter.
 30594 | Swamp:3  | Noticed a tentacled monstrosity
 30625 | Swamp:3  | Noticed SharpKris's ghost (adept GnFi)
 30640 | Swamp:3  | Reached skill level 10 in Invocations
 30675 | Swamp:3  | Found a transporter.
 30704 | Swamp:3  | Killed a tentacled monstrosity
 30710 | Swamp:3  | HP: 6/174 [constriction (5)]
 30846 | Swamp:3  | Killed SharpKris's ghost
 31107 | Swamp:3  | Found a runed translucent door.
 31654 | Swamp:3  | Paralysed by you for 2 turns
 31725 | Swamp:3  | Reached XP level 19. HP: 100/121 MP: 20/26
 31876 | Swamp:4  | Entered Level 4 of the Swamp
 31946 | Swamp:4  | Noticed Bai Suzhen
 31962 | Swamp:4  | Killed Bai Suzhen
 32898 | Swamp:4  | Got a decaying rune of Zot
 33312 | Depths:1 | Entered Level 1 of the Depths
 33399 | Depths:1 | Found a gateway to Hell.
 33451 | Depths:1 | Reached skill level 10 in Throwing
 33542 | Depths:1 | Found a one-way gate to the infinite horrors of the Abyss.
 34256 | Depths:1 | Reached XP level 20. HP: 128/128 MP: 28/28
 34942 | Depths:2 | Reached skill level 15 in Fighting
 35220 | Depths:2 | Noticed a golden dragon
 35245 | Depths:2 | Reached skill level 15 in Armour
 35270 | Depths:2 | Killed a golden dragon
 35308 | Depths:2 | Found a one-way gate leading to the halls of Pandemonium.
 35430 | Depths:2 | Found a one-way gateway to a ziggurat.
 35909 | Depths:3 | Noticed a caustic shrike
 35920 | Depths:3 | Killed a caustic shrike
 35937 | Depths:3 | Noticed a caustic shrike
 35959 | Depths:3 | Killed a caustic shrike
 36014 | Depths:3 | Noticed a golden dragon
 36039 | Depths:3 | Killed a golden dragon
 36052 | Depths:3 | Noticed a golden dragon
 36089 | Depths:3 | HP: 5/129 [golden dragon (5)]
 36108 | Depths:3 | Killed a golden dragon
 36437 | Depths:3 | Reached skill level 10 in Evocations
 36501 | Depths:3 | Reached XP level 21. HP: 121/134 MP: 30/30
 37336 | Depths:4 | Entered Level 4 of the Depths
 37527 | Depths:4 | Noticed Parghit
 37624 | Depths:4 | Noticed a golden dragon
 37637 | Depths:4 | Killed a golden dragon
 37648 | Depths:4 | Noticed a golden dragon
 37676 | Depths:4 | Killed a golden dragon
 37681 | Depths:4 | Found a gate to the Realm of Zot.
 38117 | Depths:4 | Identified the +1 mace "Jellyslayer" {chaos, Str+2}
 38133 | Depths:4 | Found a glowing silver altar of Zin.
 38135 | Depths:4 | Found a glowing golden altar of the Shining One.
 38136 | Depths:4 | Found a white marble altar of Elyvilon.
 38224 | Depths:4 | Reached skill level 15 in Maces & Flails
 38256 | Depths:4 | Gained mutation: You sometimes lose your temper in combat.
                  | [a neqoxec]
 38268 | Depths:4 | Got Giempod's Omnibus of Fog and the Blaze
 38287 | Depths:4 | Identified a +9 sacred scourge of holy wrath (a +7 demon
                  | whip of electrocution blessed by the Shining One)
 38287 | Depths:4 | Received a gift from the Shining One
 38298 | Depths:4 | Found the +10 morningstar "Eos" {elec, Halo rElec}
 38514 | Depths:4 | Killed Parghit
 39294 | Elf:1    | Entered Level 1 of the Elven Halls
 39421 | Elf:1    | Found Eddiddo's Weapon Shoppe.
 39430 | Elf:1    | Found Nuobon's Magic Scroll Emporium.
 39788 | Snake:4  | Bought a scroll of acquirement for 1872 gold pieces
 39789 | Snake:4  | Acquired 883 gold pieces
 40212 | Elf:1    | Paralysed by an air elemental for 1 turns
 40233 | Elf:1    | Found Xuczich's Antique Armour Shoppe.
 40282 | Elf:1    | Paralysed by an air elemental for 1 turns
 40409 | Elf:1    | Found Qedil's Antique Weapon Emporium.
 40442 | Elf:1    | Found Antom's Assorted Antiques.
 40524 | Elf:1    | Reached XP level 22. HP: 105/142 MP: 31/31
 41219 | Elf:2    | Found a runed translucent gate.
 41223 | Elf:2    | Found a runed translucent gate.
 41223 | Elf:2    | Found a runed translucent gate.
 41546 | Elf:2    | Noticed Zenata
 41777 | Elf:2    | Killed Zenata
 41962 | Elf:3    | Entered Level 3 of the Elven Halls
 41962 | Elf:3    | Found Wisiefox's Weapon Boutique.
 42104 | Elf:2    | You are sucked into a shaft and drop 1 floor!
 42107 | Elf:3    | Paralysed by an air elemental for 1 turns
 42108 | Elf:3    | Noticed Aizul
 42124 | Elf:3    | Killed Aizul
 42130 | Elf:3    | Killed the ghostly Aizul
 42278 | Elf:3    | Identified the ring of Lies {rElec rC+ Str+3}
 42334 | Elf:3    | Got the Discourse on the Summer and Blight
 42361 | Elf:3    | Identified the ring "Akeyc" {Fly rC+ Str+6}
 42366 | Elf:3    | Identified the +6 spear "Gaakadd" {vorpal, rElec Str+6}
 42383 | Elf:3    | Identified the +5 hand axe of Fresh Prudence {flame, rElec
                  | Int+6 Stlth-}
 42479 | Elf:3    | Found the +8 Vampire's Tooth {vamp}
 42522 | Elf:3    | Got Sif Muna's Precepts of Boreal Confrontation
 42528 | Elf:3    | Identified the amulet "Ustifun" {Reflect rPois Regen+ Int+3
                  | Slay+2 SH+5}
 42631 | Elf:3    | Found a shimmering altar of Xom.
 43243 | Snake:1  | Bought a runed tower shield for 187 gold pieces
 43469 | Vaults:1 | Entered Level 1 of the Vaults
 43782 | Vaults:1 | You are sucked into a shaft and drop 1 floor!
 43868 | Vaults:1 | Reached XP level 23. HP: 140/148 MP: 32/32
 46412 | Vaults:3 | Found a staircase to the Crypt.
 46797 | Vaults:3 | Reached XP level 24. HP: 53/157 MP: 32/32
 47032 | Vaults:3 | Found a transporter.
 47050 | Vaults:3 | Noticed Muvus's ghost (adept DsFi)
 47050 | Vaults:3 | Found a transporter.
 47075 | Vaults:3 | Killed Muvus's ghost
 47076 | Vaults:3 | Reached skill level 15 in Dodging
 47140 | Vaults:3 | Identified the +2 hat of Pugez {rC+}
 47645 | Vaults:3 | Found Feire's Antique Armour Shop.
 48280 | Vaults:4 | Noticed Mara
 48283 | Vaults:4 | Noticed Kattur's illusion
 48294 | Vaults:4 | Killed Mara
 48297 | Vaults:4 | Identified the +5 great sword of Fear {flame, *Corrode
                  | Int+2 Dex+4}
 48949 | Vaults:4 | Found Inaiwnuuvo's Antique Armour Boutique.
 49036 | Vaults:5 | Entered Level 5 of the Vaults
 49087 | Vaults:5 | Noticed an ancient lich
 49100 | Vaults:5 | Killed an ancient lich
 49410 | Vaults:5 | Noticed an ancient lich
 49416 | Vaults:5 | Identified the +2 leather armour "Piox" {Str+2}
 49433 | Vaults:5 | Killed an ancient lich
 49434 | Vaults:5 | Reached XP level 25. HP: 118/164 MP: 19/33
 50028 | Vaults:5 | Identified the +6 quarterstaff of Cowardice {drain, rF+
                  | Dex+4}
 50029 | Vaults:5 | Identified the +9 dagger "Ezoaxac" {spect, rCorr Str+2
                  | Stlth-}
 50417 | Vaults:5 | Identified the +11 sling "Lesie" {venom, Contam Will++}
 50424 | Vaults:5 | Identified the +10 flail "Raoleror" {flame, Str+4}
 50624 | Vaults:5 | Identified the +0 ring mail "Aboeloarph" {rN++}
 50626 | Vaults:5 | Got Lehudib's Compilation of Blows and Bruises
 50638 | Vaults:5 | Got a silver rune of Zot
 50805 | Crypt:1  | Entered Level 1 of the Crypt
 51089 | Crypt:1  | Noticed a royal mummy
 51097 | Crypt:1  | Killed a royal mummy
 51112 | Crypt:1  | Noticed a royal mummy
 51121 | Crypt:1  | Killed a royal mummy
 51122 | Crypt:1  | Noticed a royal mummy
 51127 | Crypt:1  | Killed a royal mummy
 51128 | Crypt:1  | Found the +7 sceptre of Torment {pain, torment}
 52769 | Crypt:3  | Entered Level 3 of the Crypt
 52837 | Crypt:3  | Reached XP level 26. HP: 119/172 MP: 29/33
 52962 | Crypt:3  | Found the +7 great mace "Undeadhunter" {disrupt, rN+}
 53102 | Crypt:3  | Noticed an ancient lich
 53115 | Crypt:3  | Killed an ancient lich
 53125 | Crypt:3  | Noticed an ancient lich
 53135 | Crypt:3  | Killed an ancient lich
 53295 | Crypt:3  | Found a staircase to the Tomb.
 53666 | Tomb:1   | Entered Level 1 of the Tomb of the Ancients
 53763 | Tomb:1   | Reached skill level 27 in Shields
 54071 | Tomb:1   | Noticed a royal mummy
 54103 | Tomb:1   | Noticed a royal mummy
 54159 | Tomb:1   | Killed a royal mummy
 54183 | Tomb:1   | Killed a royal mummy
 54194 | Tomb:1   | Noticed a royal mummy
 54211 | Tomb:1   | Killed a royal mummy
 54226 | Tomb:1   | Identified the +4 scale mail of Osse Ima {*Corrode rF++}
 54962 | D:11     | Bought distressingly furry fire dragon scales for 2405 gold
                  | pieces
 54962 | D:11     | Identified the +5 fire dragon scales "Focuv" {rF++ rC- rN+}
                  | (You bought it in a shop on level 11 of the Dungeon)
 55292 | Pan      | Entered Pandemonium
 55469 | Pan      | Found a transporter.
 55552 | Pan      | Found a transporter.
 55691 | Pan      | Identified the +2 pair of gloves "Zebb" {Will+ Dex+4
                  | Stlth-}
 55724 | Pan      | Identified the ring "Fedur" {Ice rN+ Str+4}
 55733 | Pan      | Got Asmodeus's Lectures on Combat Magic and the Atmosphere
 56465 | Pan      | Reached skill level 15 in Invocations
 56637 | Pan      | Reached XP level 27. HP: 180/180 MP: 34/34
 56659 | Pan      | Noticed Vihaif the pandemonium lord
 56681 | Pan      | Paralysed by a floating eye for 3 turns
 56687 | Pan      | Paralysed by a floating eye for 4 turns
 57077 | Pan      | Killed Vihaif the pandemonium lord
 58004 | Pan      | Noticed Achoecwed the pandemonium lord
 58029 | Pan      | Killed Achoecwed the pandemonium lord
 58841 | Pan      | Noticed Puluneth the pandemonium lord
 58853 | Pan      | Killed Puluneth the pandemonium lord
 59381 | Pan      | Found a huge runed translucent gate.
 59396 | Pan      | Found a huge runed translucent gate.
 59397 | Pan      | Found a huge runed translucent gate.
 59398 | Pan      | Found a huge runed translucent gate.
 59398 | Pan      | Found a huge runed translucent gate.
 59438 | Pan      | Found a huge runed translucent gate.
 59440 | Pan      | Found a huge runed translucent gate.
 59447 | Pan      | Noticed Goniut the pandemonium lord
 59522 | Pan      | Killed Goniut the pandemonium lord
 59850 | Pan      | Found an exit through the horrors of the Abyss.
 60268 | Pan      | Entered the realm of Lom Lobon.
 60268 | Pan      | Noticed Lom Lobon
 60441 | Pan      | Killed Lom Lobon
 60513 | Pan      | Got a magical rune of Zot
 60725 | Pan      | Reached skill level 15 in Throwing
 60754 | Abyss:2  | Cast into level 2 of the Abyss (a wizard)
 60949 | Abyss:3  | Found a glowing golden altar of the Shining One.
 61001 | Abyss:3  | Noticed a juggernaut
 61019 | Abyss:3  | Killed a juggernaut
 61023 | Abyss:3  | Got an abyssal rune of Zot
 61027 | Abyss:3  | Found a glowing golden altar of the Shining One.
 61181 | Pan      | Escaped the Abyss
 62007 | Pan      | Noticed Cainopn the pandemonium lord
 62030 | Pan      | Killed Cainopn the pandemonium lord
 62094 | Pan      | Gained mutation: You have an uncontrollable temper. [a
                  | neqoxec]
 62101 | Pan      | Found a runed translucent door.
 62131 | Pan      | Got a demonic rune of Zot
 62736 | Pan      | Gained mutation: You are clumsy. (Dex -2) [a cacodemon]
 62944 | Pan      | Found an exit through the horrors of the Abyss.
 63130 | Pan      | Noticed Ceytautt the pandemonium lord
 63140 | Pan      | Killed Ceytautt the pandemonium lord
 63454 | Pan      | Gained mutation: Armour fits poorly on your strangely
                  | shaped body. [a cacodemon]
 63480 | Pan      | Lost mutation: Your flesh is heat resistant. (rF+) [potion
                  | of mutation]
 63480 | Pan      | Lost mutation: You are clumsy. (Dex -2) [potion of
                  | mutation]
 63480 | Pan      | Lost mutation: You expend magic power (3 MP) to strengthen
                  | your wands. [potion of mutation]
 63480 | Pan      | Gained mutation: You passively dampen the noise of your
                  | surroundings. [potion of mutation]
 63480 | Pan      | Gained mutation: Your magical capacity is low. (-10% MP)
                  | [potion of mutation]
 63480 | Pan      | Gained mutation: You are strong-willed. (Will+) [potion of
                  | mutation]
 63481 | Pan      | Lost mutation: Your magical capacity is low. (-10% MP)
                  | [potion of mutation]
 63481 | Pan      | Lost mutation: Your flesh is cold resistant. (rC+) [potion
                  | of mutation]
 63481 | Pan      | Lost mutation: You passively dampen the noise of your
                  | surroundings. [potion of mutation]
 63482 | Pan      | Lost mutation: You have an uncontrollable temper. [potion
                  | of mutation]
 63482 | Pan      | Lost mutation: You sometimes lose your temper in combat.
                  | [potion of mutation]
 63482 | Pan      | Gained mutation: You occasionally lose the ability to read
                  | scrolls when taking damage. [potion of mutation]
 63482 | Pan      | Gained mutation: You are mostly covered in iridescent
                  | scales. (AC +4) [potion of mutation]
 63482 | Pan      | Gained mutation: You have large cloven feet. [potion of
                  | mutation]
 63483 | Pan      | Lost mutation: You occasionally lose the ability to read
                  | scrolls when taking damage. [potion of mutation]
 63483 | Pan      | Lost mutation: You have large cloven feet. [potion of
                  | mutation]
 63483 | Pan      | Gained mutation: You are highly strong-willed. (Will++)
                  | [potion of mutation]
 63483 | Pan      | Gained mutation: You have a pair of small horns on your
                  | head. [potion of mutation]
 63484 | Pan      | Lost mutation: You are highly strong-willed. (Will++)
                  | [potion of mutation]
 63484 | Pan      | Lost mutation: You are mostly covered in iridescent scales.
                  | (AC +4) [potion of mutation]
 63484 | Pan      | Lost mutation: Armour fits poorly on your strangely shaped
                  | body. [potion of mutation]
 63484 | Pan      | Lost mutation: You are strong-willed. (Will+) [potion of
                  | mutation]
 63484 | Pan      | Gained mutation: Your mind is acute. (Int +4, Str/Dex -1)
                  | [potion of mutation]
 63484 | Pan      | Gained mutation: Your mind is very acute. (Int +8, Str/Dex
                  | -2) [potion of mutation]
 63811 | Pan      | Noticed Bupyil the pandemonium lord
 63843 | Pan      | Killed Bupyil the pandemonium lord
 64251 | Pan      | Found a transporter.
 64437 | Pan      | Found a transporter.
 64535 | Pan      | Gained mutation: Potions are less effective at restoring
                  | your health. [a cacodemon]
 64545 | Pan      | Lost mutation: Your mind is very acute. (Int +8, Str/Dex
                  | -2) [a cacodemon]
 64549 | Pan      | Gained mutation: Armour fits poorly on your strangely
                  | shaped body. [a cacodemon]
 64563 | Pan      | Lost mutation: You are partially covered in iridescent
                  | scales. (AC +2) [potion of mutation]
 64563 | Pan      | Lost mutation: Your mind is acute. (Int +4, Str/Dex -1)
                  | [potion of mutation]
 64563 | Pan      | Gained mutation: Your spells are a little harder to cast,
                  | but a little more powerful. [potion of mutation]
 64563 | Pan      | Gained mutation: You have sharp toenails. [potion of
                  | mutation]
 64634 | Pan      | Identified the ring of Lash {rPois MP+9}
 64657 | Pan      | Identified the ring "Iwnog" {rF+ AC+4}
 64915 | Pan      | Lost mutation: Armour fits poorly on your strangely shaped
                  | body. [potion of mutation]
 64915 | Pan      | Lost mutation: Potions are less effective at restoring your
                  | health. [potion of mutation]
 64915 | Pan      | Lost mutation: You have a pair of small horns on your head.
                  | [potion of mutation]
 64915 | Pan      | Gained mutation: Your body sometimes deteriorates upon
                  | taking damage. [potion of mutation]
 65061 | Pan      | Found an exit through the horrors of the Abyss.
 65238 | Pan      | Reached skill level 15 in Evocations
 65350 | Pan      | Noticed Luemecoh the pandemonium lord
 65360 | Pan      | Killed Luemecoh the pandemonium lord
 65380 | Pan      | Gained mutation: You are somewhat resistant to further
                  | mutation. [a neqoxec]
 65590 | Pan      | Identified the +0 chain mail of Feasting {MP+9}
 66112 | Pan      | Entered the realm of Mnoleg.
 66112 | Pan      | Noticed Mnoleg
 66115 | Pan      | Paralysed by a floating eye for 3 turns
 66127 | Pan      | Paralysed by a floating eye for 3 turns
 66137 | Pan      | Killed Mnoleg
 66209 | Pan      | Identified the +8 hand axe of the Shoals {holy, Will+
                  | Int+2}
 66250 | Pan      | Got a glowing rune of Zot
 66492 | Pan      | Paralysed by a floating eye for 2 turns
 66552 | Pan      | Found an exit through the horrors of the Abyss.
 66932 | Pan      | Entered the realm of Gloorx Vloq.
 67443 | Pan      | Noticed Gloorx Vloq
 67458 | Pan      | Killed Gloorx Vloq
 67474 | Pan      | Got a dark rune of Zot
 67900 | Pan      | Entered the realm of Cerebov.
 68017 | Pan      | Found an exit through the horrors of the Abyss.
 68110 | Pan      | Found the +6 sword of Cerebov {flame}
 68110 | Pan      | Noticed Cerebov
 68159 | Pan      | Killed Cerebov
 68212 | Pan      | Got a fiery rune of Zot
 68240 | Pan      | Got the Volume of Productive Congelation
 68867 | Pan      | Identified the +9 rapier of Faz Ludd {speed, Str+3 Int+3
                  | Dex+4 SInv}
 68873 | Pan      | Identified the ring of Atheism {Fly rElec}
 68901 | Pan      | Identified the +7 glaive of Umaen {spect, Contam rElec rC+}
 68976 | Pan      | Noticed Tubbon the pandemonium lord
 68980 | Pan      | Killed Tubbon the pandemonium lord
 69326 | Pan      | Found an exit through the horrors of the Abyss.
 69553 | Pan      | Found an exit through the horrors of the Abyss.
 69993 | Pan      | Lost mutation: You have sharp toenails. [potion of
                  | mutation]
 69993 | Pan      | Lost mutation: You are somewhat resistant to further
                  | mutation. [potion of mutation]
 69993 | Pan      | Lost mutation: Your spells are a little harder to cast, but
                  | a little more powerful. [potion of mutation]
 69993 | Pan      | Gained mutation: You are strong-willed. (Will+) [potion of
                  | mutation]
 69993 | Pan      | Gained mutation: Your muscles are strong. (Str +4, Int/Dex
                  | -1) [potion of mutation]
 70184 | Pan      | Noticed Pechacy the pandemonium lord
 70193 | Pan      | Killed Pechacy the pandemonium lord
 70665 | Depths:2 | Escaped Pandemonium
 70722 | Zot:1    | Entered Level 1 of the Realm of Zot
 70813 | Zot:1    | Noticed an orb of fire
 70824 | Zot:1    | Gained mutation: A frigid envelope surrounds you and
                  | freezes all who hurt you. [an orb of fire]
 70828 | Zot:1    | Gained mutation: You occasionally lose the ability to drink
                  | potions when taking damage. [an orb of fire]
 70838 | Zot:1    | Killed an orb of fire
 71092 | Zig:1    | Entered Level 1 of a ziggurat
 71124 | Zig:2    | Entered Level 2 of a ziggurat
 71154 | Zig:3    | Entered Level 3 of a ziggurat
 71213 | Zig:3    | Identified the +4 mace "Wocureur" {vorpal, Dex+8}
 71218 | Zig:4    | Entered Level 4 of a ziggurat
 71258 | Zig:4    | Identified the ring of Ru's Hope {rN+ Str+6}
 71294 | Zig:5    | Entered Level 5 of a ziggurat
 71298 | Zig:5    | Noticed a royal mummy
 71298 | Zig:5    | Found the +9 heavy crossbow "Sniper" {vorpal, Acc+∞ SInv}
 71318 | Zig:5    | Killed a royal mummy
 71329 | Zig:5    | Got the Octavo of the Unholy Lithosphere
 71361 | Zig:6    | Entered Level 6 of a ziggurat
 71429 | Zig:6    | Got Ehuiruri's Collected Works on Blasts
 71430 | Zig:6    | Identified the +9 battleaxe of Okawaru's Regard {vamp,
                  | rPois Dex+4}
 71444 | Zig:6    | Identified the ring "Caklonib" {*Corrode rElec Will+ Str+7}
 71450 | Zig:7    | Entered Level 7 of a ziggurat
 71463 | Zig:7    | Paralysed by an air elemental for 1 turns
 71523 | Zig:7    | Identified the +6 hand axe "Pithret" {freeze, rN+}
 71526 | Zig:7    | Identified the +9 dagger "Siffaqel" {freeze, Str+3 Dex+4}
 71532 | Zig:8    | Entered Level 8 of a ziggurat
 71604 | Zig:8    | Identified the ring of the Fortune-Teller {rElec Will+}
 71611 | Zig:8    | Identified the ring of Sicsouxo {rPois Str+6}
 71628 | Zig:8    | Acquired 1284 gold pieces
 71647 | Zig:9    | Entered Level 9 of a ziggurat
 71832 | Zig:9    | Identified the +7 chain mail "Beikoy" {Will- Str+3 Int+2
                  | Dex+3}
 71853 | Zig:9    | Acquired a manual of Invocations
 71865 | Zig:10   | Entered Level 10 of a ziggurat
 71872 | Zig:10   | Found the +7 mace of Variability {chain chaos}
 71938 | Zig:10   | Identified the +10 shortbow of Compound Interest {flame,
                  | rF+ Str+3 Int+4}
 71958 | Zig:11   | Entered Level 11 of a ziggurat
 72010 | Zig:11   | Identified the +1 sling "Ochutz" {vorpal, Will++ Str-5
                  | Dex+5}
 72011 | Zig:11   | Identified the ring "Ref Woelud" {rN++ Str+4 Dex+6}
 72029 | Zig:11   | Lost mutation: Your muscles are strong. (Str +4, Int/Dex
                  | -1) [potion of mutation]
 72029 | Zig:11   | Lost mutation: You are strong-willed. (Will+) [potion of
                  | mutation]
 72029 | Zig:11   | Gained mutation: You have sharp toenails. [potion of
                  | mutation]
 72045 | Zig:12   | Entered Level 12 of a ziggurat
 72075 | Zig:12   | Lost mutation: You occasionally lose the ability to drink
                  | potions when taking damage. [potion of mutation]
 72075 | Zig:12   | Lost mutation: You have sharp toenails. [potion of
                  | mutation]
 72075 | Zig:12   | Lost mutation: Your body sometimes deteriorates upon taking
                  | damage. [potion of mutation]
 72075 | Zig:12   | Gained mutation: Your flesh is cold resistant. (rC+)
                  | [potion of mutation]
 72075 | Zig:12   | Gained mutation: You expend magic power (3 MP) to
                  | strengthen your wands. [potion of mutation]
 72075 | Zig:12   | Gained mutation: You are partially covered in iridescent
                  | scales. (AC +2) [potion of mutation]
 72093 | Zig:12   | Identified the +5 ring mail "Mesuiw" {rPois rC+}
 72139 | Zig:13   | Entered Level 13 of a ziggurat
 72144 | Zig:13   | Noticed an ancient lich
 72167 | Zig:13   | Noticed a dread lich
 72172 | Zig:13   | Killed a dread lich
 72200 | Zig:13   | Killed an ancient lich
 72252 | Zig:13   | Identified the +0 pair of gloves of Temyhy {rF- Will+++
                  | Regen+ Int+4}
 72282 | Zig:13   | Identified the ring "Ruhoqez" {rC+ Will+}
 72297 | Zig:14   | Entered Level 14 of a ziggurat
 72456 | Zig:14   | Got the Guidebook on Grounded Charms
 72458 | Zig:14   | Got the Discursus on Battle Magic and Geology
 72467 | Zig:14   | Reached skill level 27 in Fighting
 72468 | Zig:14   | Identified the +6 battleaxe "Mecenky" {vorpal, Dex+6}
 72477 | Zig:14   | Identified the +5 great sword of Floods {vorpal, Fly rCorr}
 72478 | Zig:14   | Identified the +9 morningstar "Noschum" {antimagic,
                  | *Corrode +Blink rElec Str+4 Int-5}
 72481 | Zig:14   | Identified the +0 cloak of Jaero {rCorr Dex+2}
 72532 | Zig:15   | Entered Level 15 of a ziggurat
 72538 | Zig:15   | Noticed Dypicot the pandemonium lord
 72555 | Zig:15   | Noticed Mirhus the pandemonium lord
 72561 | Zig:15   | Killed Dypicot the pandemonium lord
 72607 | Zig:15   | Killed Mirhus the pandemonium lord
 72608 | Zig:15   | Noticed Golocete the pandemonium lord
 72637 | Zig:15   | Killed Golocete the pandemonium lord
 72689 | Zig:15   | Got the Catalogue of the Hot Ocelot
 72700 | Zig:15   | Identified the ring "Nam Tek" {rPois rF+ Str+2}
 72713 | Zig:15   | Identified the +9 battleaxe of Fentuun {elec, rC+ rN+
                  | Int+4}
 72724 | Zig:15   | Identified the +2 chain mail of the Moon {Int+5 Slay+5}
 72734 | Zig:16   | Entered Level 16 of a ziggurat
 72743 | Zig:16   | Paralysed by a floating eye for 4 turns
 72744 | Zig:16   | Noticed Tutaezxe the pandemonium lord
 72744 | Zig:16   | Noticed Limixuhu the pandemonium lord
 72746 | Zig:16   | Noticed a juggernaut
 72746 | Zig:16   | a Killer Klown changed into a juggernaut
 72754 | Zig:16   | Paralysed by a floating eye for 3 turns
 72755 | Zig:16   | Noticed Juku the pandemonium lord
 72764 | Zig:16   | Paralysed by a floating eye for 2 turns
 72767 | Zig:16   | Noticed a juggernaut
 72767 | Zig:16   | a Killer Klown changed into a juggernaut
 72771 | Zig:16   | Killed Tutaezxe the pandemonium lord
 72775 | Zig:16   | Killed Limixuhu the pandemonium lord
 72775 | Zig:16   | Paralysed by a floating eye for 2 turns
 72779 | Zig:16   | Killed a juggernaut
 72779 | Zig:16   | Killed Juku the pandemonium lord
 72780 | Zig:16   | Paralysed by a floating eye for 2 turns
 72781 | Zig:16   | Killed a juggernaut
 72789 | Zig:16   | HP: 8/199 [Killer Klown/klown pie (27)]
 72790 | Zig:16   | Paralysed by a floating eye for 4 turns
 72799 | Zig:16   | Paralysed by a floating eye for 4 turns
 72807 | Zig:16   | Paralysed by a floating eye for 2 turns
 72812 | Zig:16   | Paralysed by a floating eye for 4 turns
 72819 | Zig:16   | Paralysed by a floating eye for 2 turns
 72836 | Zig:16   | Paralysed by a floating eye for 3 turns
 72868 | Zig:16   | Identified the +5 hand axe "Giantslayer" {flame, Will-
                  | Int+4 SInv}
 72875 | Zig:16   | Identified the +1 chain mail "Kelatuqa" {rElec Will++}
 72897 | Zig:16   | Identified the +4 pair of boots "Tooguq" {Str+2}
 72914 | Zig:17   | Entered Level 17 of a ziggurat
 72972 | Zig:17   | Gained mutation: You sometimes lose your temper in combat.
                  | [a shining eye]
 73018 | Zig:17   | Identified the +1 scale mail of Vazyg {Rampage *Corrode
                  | Dex-4 SInv}
 73053 | Zig:18   | Entered Level 18 of a ziggurat
 73206 | Zig:18   | Identified the +7 quarterstaff of Circularity {vorpal,
                  | *Noise rPois MP+9 Int+4}
 73211 | Zig:18   | Identified the +11 quarterstaff "Muupt" {vamp, Str+7 Dex-5}
 73231 | Zig:18   | Identified the amulet "Wodadal" {rF++ Regen+ rCorr Int-3
                  | SInv}
 73253 | Zig:19   | Entered Level 19 of a ziggurat
 73424 | Zig:19   | Identified the +11 mace of Ru's Hatred {drain, rF+ rCorr
                  | Stlth+}
 73429 | Zig:19   | Identified the +3 leather armour "Rodureus" {rCorr}
 73454 | Zig:20   | Entered Level 20 of a ziggurat
 73464 | Zig:20   | Noticed Deowycw the pandemonium lord
 73474 | Zig:20   | Killed Deowycw the pandemonium lord
 73508 | Zig:20   | Got the Anthology of the Summer
 73514 | Zig:20   | Got Lee's Collected Works on the Ground
 73516 | Zig:20   | Identified the +0 leather armour of the Iron City of Dis
                  | {rElec rCorr Dex+2 Slay-6}
 73521 | Zig:20   | Got the Omnibus of the Lethal Geologist
 73535 | Zig:20   | Identified the +8 glaive "Nuydail" {vorpal, rN+ SInv}
 73569 | Zig:21   | Entered Level 21 of a ziggurat
 73583 | Zig:21   | Noticed an ancient lich
 73583 | Zig:21   | Noticed an ancient lich
 73584 | Zig:21   | Noticed a dread lich
 73639 | Zig:21   | Killed an ancient lich
 73640 | Zig:21   | Killed an ancient lich
 73644 | Zig:21   | Killed a dread lich
 73685 | Zig:21   | Identified the +1 scale mail of Articulation {Int+3 SInv}
 73690 | Zig:21   | Identified the +7 flail of Dissolution {vorpal, rN+ Will+
                  | Int-2}
 73702 | Zig:21   | Identified the amulet "Qufugoga" {Regen+ SInv}
 73716 | Zig:21   | Identified the +0 scale mail of the Northern Lights {rElec
                  | rCorr Dex+4}
 73723 | Zig:22   | Entered Level 22 of a ziggurat
 73749 | Zig:22   | Noticed a royal mummy
 73756 | Zig:22   | Noticed a royal mummy
 73762 | Zig:22   | Killed a royal mummy
 73762 | Zig:22   | Noticed a royal mummy
 73762 | Zig:22   | Noticed a royal mummy
 73767 | Zig:22   | Noticed a royal mummy
 73768 | Zig:22   | Noticed a royal mummy
 73769 | Zig:22   | Killed from afar by a royal mummy

Illustrated notes

Levels and vault maps discovered:
D:1:      dpeg_arrival_more_subterranean_lakeside_camping, layout_basic,
          basic_ecumenical_altar, fountainhead,
          hangedman_abyss_or_decor_lesser_grid, dk_noncrumbling_4
D:2:      cheibrodos_old_hovel, layout_basic, basic_altar
D:3:      layout_basic
D:4:      layout_loops_corners, uniq_pikel
D:5:      layout_loops_ring, xom_teletrap_fun, elyvilon_altar_5
D:6:      layout_basic, pdpol_wu_jian_five_deadly_venoms
D:7:      cheibrodos_two_vegetables, layout_rooms, minmay_temple_entry_grid
D:8:      layout_loops_cross, nicolae_shop_vocational
D:9:      layout_cave_pods, okawaru_altar_gauntlet_db, eino_curves_01,
          nicolae_transporter_intersection
D:10:     layout_loops_corners, mainiacjoe_overflow_surrounded_room,
          mainiacjoe_overflow_chevrons, nicolae_qazlal_eye_of_the_storm,
          amcnicky_altar_gilded, erik_lair_orcish_takeover, uniq_fannar
D:11:     layout_grid_maze, serial_shops, nicolae_shop_overgrown_old_shop
D:12:     layout_grid_maze, gammafunk_ghost_stat_death
D:13:     layout_cave_pods, enter_trove_0
D:14:     layout_basic, david_vaults_2, gauntlet_entry_generic,
          portal_ice_cave_entry_ice_simulacra, infiniplex_staircase_x,
          nicolae_alphabet_shops, minmay_misc_feat_iff, kennysheep_donut
D:15:     grunt_enter_depths_snipers, layout_small_grid,
          nicolae_sif_muna_condensation, yredelemnul_altar_generic, uniq_louise
Temple:   zaba_magenta_temple
Lair:1:   layout_loops_ring, basic_altar, wad_woods_01, grunt_megastairs_1
Lair:2:   layout_roguey, palyth_hydra_swamp_entry, serial_bayou_pond_d,
          chequers_serial_rivers_small_a, lemuel_fruit_tree
Lair:3:   lemuel_reptile_caves, layout_long_grid, guppyfry_snake_entry_island,
          lemuel_fruit_fields
Lair:4:   pond_and_an_island_with_a_cottage, layout_gridlike
Lair:5:   hangedman_lair_in_review, layout_regular_city, slime_entry_1,
          grunt_forest_large_clearings
Swamp:1:  layout_basic_swamp, hangedman_swamp_ruin_wall, swamp_pool1
Swamp:2:  layout_falls_marsh, serial_swamp_ruin, evilmike_swamp_ruin_house_5,
          evilmike_swamp_ruin_rubble_1, swamp_pool3, uniq_jorgrun, uniq_frances
Swamp:3:  gammafunk_mikee_crab_dinner, layout_basic_swamp,
          gammafunk_ghost_arena, evilmike_swamp_ruin_house_6
Swamp:4:  swamp_basic_johnstein, layout_basic_swamp, swamp_pool4,
          hangedman_swamp_pad, worms_lemuel, infiniplex_staircase_pool,
          uniq_bai_suzhen
Snake:1:  layout_layer_cave, minmay_shoptagon, uniq_kirke
Snake:2:  nicolae_snake_hallway, layout_layer_cave, serial_shops, shop,
          serial_bayou_shore_a
Snake:3:  nicolae_sea_snake_s, layout_misc_corridors, gammafunk_ghost_split,
          nicolae_snake_ghostly_warrior_ritual
Snake:4:  snake_pit_salamanders_mu, layout_cave_town, serial_shops,
          shop_fountains, minmay_shop_star, uniq_vashnia, uniq_donald,
          uniq_mlioglotl
Orc:1:    layout_diamond_mine, serial_shops, mines2_lemuel, uniq_harold
Orc:2:    st_orc_rangers, layout_caves, nicolae_shop_clearance
Elf:1:    elf_arrival_002, layout_rooms, serial_shops,
          nicolae_shop_hallway_stairs, shop, shop_scrolls, shop,
          nicolae_shop_crystal, special_room [special_room_mythical_zoo],
          kennysheep_underground_church
Elf:2:    nicolae_elf_blades_crystal_corner, layout_geoelf_diagonals,
          small_statue_intersection, uniq_zenata
Elf:3:    elf_hall, layout_gridlike, basic_altar, serial_shops,
          nicolae_shop_advertising_works [nicolae_subvault_shop_adworks],
          uniq_aizul
Vaults:1: st_smaller_cells, hangedman_vaults_corner, v_alt_pattern_6,
          v_alt_pattern_4, v_misc_17, v_misc_9, ontoclasm_vaults_hangar,
          v_misc_15, nicolae_vaults_rhombus_6, vaults_room_hallway,
          layout_vaults_omnibox
Vaults:2: v_rooms_6, vaults_dpeg_cross, grunt_vaults_funnel,
          hangedman_vaults_stagger, nicolae_vaults_gold_heap,
          hangedman_vaults_nails, nicolae_vaults_mini_display_case,
          nicolae_vaults_little_squares_4,
          nicolae_vaults_windows_and_doors_thing, nicolae_vaults_asterisk,
          layout_vaults_quadrants
Vaults:3: gammafunk_ghost_abyssal_escape, hangedman_vaults_hat, v_rooms_3,
          vaults_standard_mumra_x, hangedman_vaults_trim,
          dpeg_vaults_monster_row, minmay_crypt_entry_simple_walls, v_misc_5,
          nicolae_vaults_specimen_jars, layout_vaults_omnicross, serial_shops,
          shop
Vaults:4: nicolae_vaults_holding_cells, hangedman_vaults_slice, v_misc_8,
          hangedman_vaults_corner_blocks, hangedman_vaults_slice,
          nicolae_vaults_little_squares_3, ontoclasm_vaults_gateway,
          v_pattern_3, v_alt_pattern_1, v_alt_pattern_4, v_misc_14,
          vaults_room_stairs_pillars, layout_vaults_maze_bifur, serial_shops,
          nicolae_shop_hallway_plus, uniq_mara
Vaults:5
Crypt:1:  minmay_guarded_unrand_sceptre_of_torment, layout_misc_corridors,
          minmay_misc_feat_pillars, grunt_crypt_arrival_guarded_gate
Crypt:2:  layout_misc_corridors, minmay_strange_pillars
Crypt:3:  david_glass_crypt, layout_chaotic_city,
          nicolae_tomb_entry_unfolded_pyramid_diagonal
Tomb:1
Depths:1: minmay_quantized_circle, layout_cave_shapes,
          hangedman_abyss_entry_splay, pf_hell_entry_tar_spiral, st_stairs_10,
          kennysheep_generic_room_8
Depths:2: minmay_mutant_horseshoe, layout_cave_shapes, enter_ziggurat_e,
          pan_entry, small_statue_intersection, hell_entry
Depths:3: nicolae_legendary_halls, layout_honeycomb, chequers_jeans,
          nicolae_abyss_entry_one_way_or_another, grunt_hell_entry_dis_mu
Depths:4: grunt_zot_entry_funnels, layout_cave_pools, good_gods_temple_1,
          hellmouth_1, grunt_pan_entry_in_and_out, uniq_parghit
Zot:1:    layout_basic, uniq_tiamat
Zig:22

Skill      XL: |  1  2  3  4  5  6  7  8  9 10 11 12 13 14 15 16 17 18 19 20 21 22 23 24 25 26 27 |
---------------+----------------------------------------------------------------------------------+-----
Maces & Flails | 3 4 6 7 9 10 12 13 14 15 16 17 21 | 21.2
Armour         | 4 5 6 7 9 10 11 12 13 14 15 16 17 18 19 22 | 22.1
Dodging        | 1 2 3 4 5 6 7 8 9 10 11 12 13 14 15 16 20 | 20.4
Fighting       | 4 5 6 7 9 10 11 12 13 14 15 16 17 18 19 20 27 | 27.0
Shields        | 4 5 6 8 9 11 13 15 17 18 19 21 22 23 24 25 26 27 | 27.0
Throwing       | 1 3 4 5 6 7 8 9 10 11 12 13 14 18 | 18.3
Ranged Weapons | 1 3 |  3.3
Invocations    | 2 4 5 6 7 8 9 10 11 12 13 14 15 24 | 24.6
Evocations     | 1 3 4 5 6 7 8 9 10 11 12 13 17 | 17.5

Action                   |  1- 3 |  4- 6 |  7- 9 | 10-12 | 13-15 | 16-18 | 19-21 | 22-24 | 25-27 || total
-------------------------+-------+-------+-------+-------+-------+-------+-------+-------+-------++-------
Melee: Flail             |    92 |    37 |       |       |       |       |       |       |       ||   129
       Whip              |       |    22 |   202 |   589 |  1564 |  2152 |  1964 |       |       ||  6493
       Sacred scourge    |       |       |       |       |       |       |   363 |  1865 |  4571 ||  6799
       Headbutt          |       |       |       |       |       |       |       |       |   104 ||   104
 Fire: Sling             |       |       |     8 |       |       |       |       |       |       ||     8
Throw: Dart              |       |     1 |     4 |     5 |     5 |       |       |       |       ||    15
       Boomerang         |       |       |    25 |       |       |    12 |    44 |    11 |   126 ||   218
       Javelin           |       |       |       |       |       |     2 |    43 |    31 |    62 ||   138
Invok: Renounce Religion |     1 |       |       |       |       |       |       |       |       ||     1
       Cleansing Flame   |       |       |       |       |     5 |    10 |    21 |    11 |    94 ||   141
       Divine Shield     |       |       |       |       |     1 |     5 |    11 |     9 |     8 ||    34
       Summon Divine War |       |       |       |       |     1 |     3 |     6 |     1 |    16 ||    27
       Brand Weapon With |       |       |       |       |       |       |     1 |       |       ||     1
Evoke: Wand              |       |       |       |     1 |     1 |     3 |     5 |     1 |    10 ||    21
       Lightning rod     |       |       |       |       |       |       |     4 |     2 |       ||     6
       Tin of tremorston |       |       |       |       |       |       |     4 |     7 |     3 ||    14
       Box of beasts     |       |       |       |       |       |       |     2 |     1 |     1 ||     4
       Phantom mirror    |       |       |       |       |       |       |     1 |     1 |       ||     2
  Use: Scroll            |       |     9 |     7 |     7 |    13 |    11 |    10 |     3 |    15 ||    75
       Potion            |       |       |     3 |       |     4 |    12 |     6 |       |    16 ||    41
Armor: Scale mail        |    53 |       |       |       |       |       |       |       |       ||    53
       Ring mail         |     5 |    22 |    79 |   159 |   423 |       |       |       |       ||   688
       Ice dragon scales |       |       |       |       |   194 |   763 |   830 |   573 |  1330 ||  3690
       Skin              |       |       |       |       |       |    29 |       |       |       ||    29
Dodge: Dodged            |    48 |    23 |    92 |   186 |   662 |   666 |   883 |   641 |  1645 ||  4846
Block: Buckler           |    14 |     9 |    41 |   141 |   190 |       |       |       |       ||   395
       Kite shield       |       |       |       |       |   341 |       |       |       |       ||   341
       Tower shield      |       |       |       |       |   522 |  2198 |  2338 |  2331 |  6134 || 13523
       Reflection        |       |       |       |       |       |   184 |    32 |   137 |   102 ||   455
